AoeStats
← tommyhk

Black Forest

509927750Analyzed
3v3 RM · 2d ago on Sep 28, 2026· 48m 44s· 6 players
Game mode
Random Map
Map size
Normal (6 player)
Population
200
Speed
Normal
Resources
Standard
Victory
Conquest
Starting age
Dark Age
Ending age
Imperial Age
RankedLock teamsTeams togetherTeam positionsShared explorationLock speedFull tech treeHidden civsTurbo modeCheats
Victory
Defeat
🇭🇰 Celts · Hong Kong SAR China
1000
+51
🇩🇪 Saxons · Germany
990
+17
🇨🇦 Malians · Canada
949
+19
🇩🇪 Bohemians · Germany
1041
-20
🇻🇳 Khmer · Vietnam
1032
-18
🇩🇪 Persians · Germany
959
-15
tommyhk
11:12 Feudal Age
9:28 Loom
11:49 Double-Bit Axe
11:46 Horse Collar
15:53 Wheelbarrow
15:47 Stone Mining
21:43 Castle Age
19:53 Gold Mining
21:43 Forging
21:37 Scale Mail Armor
22:05 Town Watch
23:19 Heavy Plow
23:33 Bow Saw
26:18 Hand Cart
28:56 Chain Mail Armor
29:17 Iron Casting
28:37 Town Watch
28:58 Arson
29:07 Fletching
34:12 Imperial Age
36:08 Blast Furnace
35:38 Plate Mail Armor
35:44 Plate Mail Armor
34:39 Heavy Scorpion
36:30 Ballistics
36:23 Siege Engineers
36:29 Siege Engineers
37:26 Chemistry
38:59 Furor Celtica
41:18 Bodkin Arrow
41:25 Elite Woad Raider
43:06 Town Patrol
43:29 Capped Ram
45:36 Siege Ram
46:42 Stronghold
47:04 Onager
Big Olaf
10:56 Feudal Age
11:24 Double-Bit Axe
11:23 Horse Collar
19:01 Castle Age
20:44 Gold Mining
20:52 Stone Mining
22:29 Gold Shaft Mining
22:12 Heavy Plow
22:23 Bow Saw
22:51 Man-at-Arms
26:17 Forging
26:08 Scale Mail Armor
27:31 Wheelbarrow
29:49 Imperial Age
27:02 Long Swordsman
27:28 Gambesons
27:46 Squires
28:04 Forging
28:59 Scale Mail Armor
29:03 Squires
29:56 Treadmill Crane
30:38 Hand Cart
31:04 Chain Mail Armor
31:14 Two-Handed Swordsman
34:05 Iron Casting
33:12 Champion
33:49 Capped Ram
35:12 Plate Mail Armor
34:45 Shield Wall
36:09 Squires
37:32 Siege Engineers
37:35 Onager
39:48 Pikeman
40:19 Arson
43:30 Two-Man Saw
43:31 Siege Ram
dasorux
0:35 Loom
16:26 Feudal Age
18:06 Wheelbarrow
22:40 Castle Age
20:59 Double-Bit Axe
25:29 Town Watch
26:14 Fletching
26:35 Forging
27:13 Horse Collar
30:10 Hand Cart
36:20 Imperial Age
34:34 Bow Saw
34:33 Gold Mining
35:32 Town Patrol
35:35 Scale Mail Armor
35:47 Scale Barding Armor
36:04 Heavy Plow
36:43 Iron Casting
36:34 Pikeman
37:15 Squires
37:01 Arson
38:20 Chemistry
37:31 Fortified Wall
37:42 Ballistics
37:02 Treadmill Crane
37:33 Masonry
38:03 Light Cavalry
38:54 Bloodlines
38:44 Husbandry
38:05 Heavy Camel Rider
38:59 Farimba
39:43 Crop Rotation
40:13 Conscription
39:54 Tigui
41:27 Man-at-Arms
46:36 Chain Barding Armor
46:32 Chain Mail Armor
46:13 Bodkin Arrow
GRANATEN GERDL
0:28 Loom
14:55 Feudal Age
16:29 Town Watch
19:33 Castle Age
17:33 Horse Collar
18:24 Double-Bit Axe
20:32 Bow Saw
20:26 Heavy Plow
30:48 Imperial Age
29:15 Forging
29:05 Scale Mail Armor
30:33 Chemistry
30:27 Ballistics
31:10 Wheelbarrow
30:17 Pikeman
34:10 Two-Man Saw
35:38 Halberdier
36:19 Squires
36:57 Iron Casting
36:27 Scale Barding Armor
39:10 Blast Furnace
38:42 Houfnice
40:37 Chain Mail Armor
42:08 Hand Cart
42:37 Siege Engineers
43:24 Plate Mail Armor
43:15 Arson
44:24 Conscription
43:38 Elite Hussite Wagon
Bazooka Bäda
15:19 Feudal Age
17:07 Double-Bit Axe
17:10 Horse Collar
20:57 Castle Age
26:15 Heavy Plow
27:07 Bow Saw
29:01 Husbandry
29:44 Bloodlines
32:07 Wheelbarrow
35:30 Imperial Age
34:36 Scale Barding Armor
34:42 Forging
36:16 Hand Cart
35:46 Cavalier
37:10 Chain Barding Armor
38:14 Iron Casting
43:26 Light Cavalry
44:06 Gambesons
43:42 Man-at-Arms
SOUL 360
1:16 Loom
14:01 Feudal Age
17:26 Double-Bit Axe
17:35 Horse Collar
20:04 Castle Age
18:57 Stone Mining
19:52 Wheelbarrow
22:47 Bow Saw
23:11 Hand Cart
23:56 Heavy Plow
24:45 Fortified Wall
26:47 Gold Mining
27:56 Masonry
28:51 Gold Shaft Mining
28:51 Stone Shaft Mining
29:25 Town Watch
30:09 Caravan
30:25 Padded Archer Armor
34:58 Imperial Age
33:07 Leather Archer Armor
33:19 Ballistics
34:20 Forging
34:15 Scale Barding Armor
34:14 Tusk Swords
35:02 Town Patrol
35:16 Bloodlines
35:07 Husbandry
34:27 Light Cavalry
35:09 Elite Ballista Elephant
36:11 Double Crossbow
37:01 Conscription
36:23 Heavy Scorpion
40:51 Ring Archer Armor
41:18 Fletching
42:40 Hoardings
Connection lost

Rejoining the realm…

Still unreachable

The connection could not be restored.

Session expired

The server has moved on; the page needs a fresh start.